 Dungeon Crawl Stone Soup version 0.23-a0-296-ga3b1b28 (webtiles) character file.

14 iamserjio the Sneak (level 2, -9/18 HPs)
             Began as an Octopode Enchanter on Oct 5, 2018.
             Mangled by an ogre
             ... wielding a +0 giant club
              (27 damage)
             ... on level 2 of the Dungeon.
             The game lasted 00:03:28 (328 turns).

iamserjio the Sneak (Octopode Enchanter)             Turns: 328, Time: 00:03:29

Health: -9/18      AC:  3    Str:  7    XL:     2   Next: 45%
Magic:  0/5        EV: 13    Int: 17    God:
Gold:   37         SH:  0    Dex: 12    Spells: 2/5 levels left

rFire    . . .     SeeInvis .   a - +1 dagger
rCold    . . .     Gourm    .   (no shield)
rNeg     . . .     Faith    .   (helmet restricted)
rPois    .         Spirit   .   (no amulet)
rElec    .         Reflect  .   d - +2 ring of protection
rCorr    .         Harm     .   (no ring)
MR       .....                  (no ring)
Stlth    ++++......             (no ring)
HPRegen  0.06/turn              (no ring)
MPRegen  0.09/turn              (no ring)
                                (no ring)
                                (no ring)

@: no status effects
A: almost no armour, stealthy swim, amphibious, 8 rings, constrict 8, camouflage
1, gelatinous body 1
a: no special abilities


You were on level 2 of the Dungeon.
You were not hungry.

You visited 1 branch of the dungeon, and saw 2 of its levels.

You collected 37 gold pieces.

Inventory:

Hand Weapons
 a - a +1 dagger (weapon)
Jewellery
 d - a +2 ring of protection (left tentacle)
Scrolls
 b - a scroll of remove curse {unknown}
Comestibles
 c - 2 rations
 f - 2 chunks of flesh


   Skills:
 + Level 0.6 Fighting
 - Level 1.0 Short Blades
 + Level 2.2 Dodging
 + Level 4.2 Stealth
 * Level 1.1 Unarmed Combat
 - Level 2.0 Spellcasting
 - Level 3.0 Hexes
 + Level 0.0 Ice Magic


You had 2 spell levels left.
You knew the following spells:

 Your Spells              Type           Power        Failure   Level  Hunger
a - Corona                Hex            ##.....      5%          1    #......
b - Ensorcelled Hibernat  Hex/Ice        #.....       16%         2    ###....

Your spell library contained the following spells:

 Spells                   Type           Power        Failure   Level  Hunger
 Confuse                  Hex            ##......     17%         3    ###....
 Tukima's Dance           Hex            ##......     17%         3    ###....
 Dazzling Spray           Conj/Hex       #.....       30%         3    ###....


Dungeon Overview and Level Annotations

Branches:
Dungeon (2/15)

Altars:


Innate Abilities, Weirdness & Mutations

You cannot wear most types of armour.
You are very stealthy in the water. (Stealth+)
You are amphibious.
You can wear up to eight rings at the same time.
You can use your tentacles to constrict eight enemies at once.
Your skin changes colour to match your surroundings (Stealth+).
Your rubbery body absorbs attacks. (AC +1, EV +1)


Message History

Aim: an ogre, wielding a giant club (moderately wounded, chance to defeat MR: The ogre easily resists.
The ogre closely misses you.
A bat comes into view.
Casting: Ensorcelled Hibernation (safe; 16% risk of failure)
Aiming: Ensorcelled Hibernation (safe; 16% risk of failure)
Aim: an ogre, wielding a giant club (moderately wounded, chance to defeat MR: The ogre easily resists.
The ogre closely misses you.
There is a shaft here.
The ogre misses you. The ogre barely misses you. The ogre barely misses you.
There is a shaft here.
Casting: Ensorcelled Hibernation (safe; 16% risk of failure)
Aiming: Ensorcelled Hibernation (safe; 16% risk of failure)
Aim: an ogre, wielding a giant club (lightly wounded, chance to defeat MR: 37%)
The ogre looks drowsy...
The helpless ogre fails to defend itself.
You puncture the ogre! The ogre hits you with a giant club!!
Ouch! That really hurt!
You die...

##### #######..# #b#
#...# #..# #.# #.#.#
#..#########.#
#.#.#####
#^...........#
#.#.#...#
##.#########.#
#.#.#...# #.# #.#
#.#.#...#### #.# #.#
####..........####.#
#.#
................@O.#
#.#
####..........######
#.# .....###...#### #.#
######
#.<.#################.#
#.....................#
#######################


You could see an ogre.

Vanquished Creatures
  An ooze (D:1)
  A ball python (D:1)
  A hobgoblin (D:1)
  A kobold (D:1)
  2 bats (D:1)
  A goblin (D:1)
  4 rats (D:1)
11 creatures vanquished.

Notes
Turn   | Place    | Note
-------+----------+-------------------------------------------
     0 | D:1      | iamserjio the Octopode Enchanter began the quest for the
                  | Orb.
     0 | D:1      | Reached XP level 1. HP: 11/11 MP: 3/3
     6 | D:1      | Noticed an iguana
     6 | D:1      | Noticed a soldier ant
     6 | D:1      | Noticed a centaur
    93 | D:1      | Reached XP level 2. HP: 14/18 MP: 5/5
   106 | D:1      | Reached skill level 1 in Unarmed Combat
   197 | D:1      | Learned a level 2 spell: Ensorcelled Hibernation
   198 | D:2      | Noticed an ogre
   328 | D:2      | Mangled by an ogre

Vault maps used:
D:1:      onia_arrival_zoo_common

Skill      XL: |  1  2 |
---------------+-------+-----
Unarmed Combat | 1 |  1.1
Fighting       | |  0.6
Short Blades   | |  1.0
Dodging        | |  2.2
Stealth        | |  4.2
Spellcasting   | |  2.0
Hexes          | |  3.0

Action                   || total
-------------------------++-------
Melee: Dagger            ||    31
       Tentacles         ||     6
       Constrict         ||     4
 Cast: Ensorcelled Hiber ||     7
       Corona            ||     2
 Stab: Sleeping          ||     5
Dodge: Dodged            ||    24

Table legend:
 A = Non-vault XP
 B = Vault XP
 C = Vault XP percentage of total XP
 D = Non-vault monster count
 E = Vault monster count
 F = Vault count percentage of total count
                 A         B        C        D         E       F
            +---------+---------+-------+---------+---------+-------
      Total |      21 |       0 |   0.0 |      11 |       0 |   0.0
            +---------+---------+-------+---------+---------+-------
        D:1 |      21 |       0 |   0.0 |      11 |       0 |   0.0
            +---------+---------+-------+---------+---------+-------
